 Dungeon Crawl Stone Soup version 0.27-a0-1065-ge809cff456 (webtiles) character file.

Game seed: 11297539349299629070

382 Nosferatu13666 the Covert (level 6, -3/30 HPs)
             Began as a Spriggan Brigand on Apr 23, 2021.
             Shot with an arrow by a centaur (12 damage)
             ... on level 5 of the Dungeon.
             The game lasted 00:16:58 (4740 turns).

Nosferatu13666 the Covert (Spriggan Brigand)        Turns: 4740, Time: 00:16:59

Health: -3/30      AC:  3    Str:  7    XL:     6   Next: 47%
Magic:  7/7        EV: 17    Int: 13    God:
Gold:   220        SH:  0    Dex: 18    Spells: 5/5 levels left

rFire    . . .     SeeInvis +   s - +1 dagger (protect)
rCold    . . .     Faith    .   (shield restricted)
rNeg     . . .     Spirit   .   b - +0 robe
rPois    .         Reflect  .   (helmet restricted)
rElec    .         Harm     .   c - +0 cloak
rCorr    .         Rampage  .   (gloves unavailable)
Will     +....                  (boots unavailable)
Stlth    ++++......             (no amulet)
HPRegen  0.10/turn              (no ring)
MPRegen  0.10/turn              (no ring)

@: very quick
A: very small, no large weapons, unfitting armour, see invisible, speed 3
a: no special abilities


You were on level 5 of the Dungeon.
You visited 1 branch of the dungeon, and saw 5 of its levels.

You collected 220 gold pieces.

Inventory:

Hand Weapons
 a - a +2 dagger
 s - a +1 dagger of protection (weapon)
Missiles
 e - 16 poisoned darts (quivered)
Armour
 b - a +0 robe (worn)
 c - a +0 cloak (worn)
Jewellery
 o - a +6 ring of intelligence
Scrolls
 f - a scroll of identify
Potions
 d - 2 potions of degeneration {unknown}
 i - a potion of haste {unknown}
 j - 3 potions of curing
 l - 2 potions of brilliance
 m - 2 potions of attraction {unknown}
 p - 2 potions of cancellation {unknown}
 q - a potion of berserk rage {unknown}
 u - 2 potions of resistance {unknown}


   Skills:
 + Level 1.8 Fighting
 + Level 3.5 Short Blades
 + Level 4.5 Throwing
 * Level 2.5 Dodging
 * Level 8.7 Stealth
 + Level 0.0 Spellcasting
 + Level 0.0 Hexes


You had 5 spell levels left.
You didn't know any spells.
Your spell library contained the following spells:

 Spells                   Type           Power      Damage    Failure   Level
 Freeze                   Ice            0%         1d3       30%         1
 Frozen Ramparts          Ice            0%         1d2       67%         3
 Ozocubu's Armour         Ice            0%         N/A       67%         3
 Hailstorm                Conj/Ice       0%         3d3       97%         4
 Metabolic Englaciation   Hex/Ice        0%         N/A       100%        5


Dungeon Overview and Level Annotations

Branches:
Dungeon (5/15)
 Temple: D:4-7

Altars:
Okawaru

Shops:
D:2 [   D:4 =


Innate Abilities, Weirdness & Mutations

You are very small and have problems with some larger weapons.
You are too small for most types of armour.
You have supernaturally acute eyesight. (SInv)
You cover ground extremely quickly. (Speed+++)


Message History

You start resting.
A steam dragon is nearby!
The steam dragon hisses angrily.
There is an open door here.
You open the door.
There is an open door here.
HP restored.
Done exploring.
Done exploring.
You see here a +0 scale mail.
There is a stone staircase leading down here.
You climb downwards.
There is a stone staircase leading up here.
An ogre comes into view. It is wielding a +0 giant club.
The helpless ogre fails to defend itself.
You perforate the ogre like a sieve!!!
Your weapon exudes an aura of protection.
You kill the ogre!
Things that are here:
a +0 giant club; an ogre corpse A centaur comes into view.
The centaur shouts!
The centaur wields a +0 shortbow.
The centaur shoots an arrow.
The arrow closely misses you.
You hear an angry hiss.
Found 22 sling bullets and a white potion.
A water moccasin comes into view.
You throw a poisoned dart.
The poisoned dart hits the water moccasin.
The centaur unwields a +0 shortbow.
The centaur completely misses you. The centaur misses you.
The centaur wields a +0 shortbow.
The centaur shoots an arrow.
The arrow hits you!
The centaur shoots an arrow.
The arrow completely misses you.
Things that are here:
a +0 giant club; an ogre corpse The centaur shoots an arrow.
The arrow hits you!
* * * LOW HITPOINT WARNING * * *
The centaur shoots an arrow.
The arrow hits you!
You die...

#.####c....# #..'
#...c.!....##+###.##
###.#####..?......##
#.# ##......## #.#
+.....>. #)#
#.....### ###.#
#....l #<#.# #.....
#.#@# #..... #.#.#
###### #.#.# ##.#.#
#....# ######


You could see a centaur.

Vanquished Creatures
  An ogre (D:5)
  A phantom (D:4)
  A jelly (D:5)
  A gnoll shaman (D:4)
  An iguana (D:4)
  A hound skeleton (D:5)
  4 gnolls
  3 adders
  A worm (D:3)
  2 dart slugs
  6 orcs (D:3)
  5 ball pythons
  7 endoplasms
  2 giant cockroaches
  4 goblins
  6 hobgoblins
  2 kobolds
  3 quokkas
  3 bats
  4 frilled lizards
  8 rats
66 creatures vanquished.

Notes
Turn   | Place    | Note
-------+----------+-------------------------------------------
     0 | D:1      | Nosferatu13666 the Spriggan Brigand began the quest for the
                  | Orb.
     0 | D:1      | Reached XP level 1. HP: 10/10 MP: 2/2
    87 | D:1      | Reached skill level 6 in Stealth
   303 | D:1      | Reached XP level 2. HP: 14/14 MP: 3/3
   679 | D:1      | Found a faded altar of an unknown god.
  1333 | D:2      | Reached skill level 7 in Stealth
  1333 | D:2      | Reached XP level 3. HP: 18/18 MP: 4/4
  1488 | D:2      | Found an iron altar of Okawaru.
  1539 | D:2      | Found Ymuts's Antique Armour Shop.
  2663 | D:3      | Reached XP level 4. HP: 22/22 MP: 5/5
  3017 | D:4      | Noticed a steam dragon
  3121 | D:4      | Reached skill level 8 in Stealth
  3445 | D:4      | Reached XP level 5. HP: 26/26 MP: 6/6
  3626 | D:4      | Found Jisorurr's Jewellery Shoppe.
  3851 | D:4      | Noticed a phantom
  3854 | D:4      | Killed a phantom
  4328 | D:5      | Entered Level 5 of the Dungeon
  4346 | D:5      | Reached XP level 6. HP: 30/30 MP: 7/7
  4730 | D:5      | Noticed a water moccasin
  4740 | D:5      | Shot with an arrow by a centaur

Illustrated notes

Levels and vault maps discovered:
D:1:      dpeg_arrival_leaves_temple_mockup, layout_basic,
          shapermc_ecumenical_altar_venn, st_stairs_11, grunt_decor_resistance
D:2:      layout_loops_cross, basic_altar, serial_shops,
          nicolae_shop_overgrown_old_shop
D:3:      layout_rooms
D:4:      layout_basic, serial_shops, nicolae_shop_stone
D:5:      layout_basic, gammafunk_ghost_gnarly_gnolls

Skill      XL: |  1  2  3  4  5 |
---------------+----------------+-----
Stealth        | 6 7 8 |  8.7
Throwing       | 3 4 |  4.5
Short Blades   | 3 |  3.5
Dodging        | 2 |  2.5
Fighting       | |  1.8

Action                   |  1- 3 |  4- 6 || total
-------------------------+-------+-------++-------
Melee: Dagger            |    50 |    61 ||   111
Throw: Dart              |    69 |    29 ||    98
       Throwing net      |       |     2 ||     2
  Use: Scroll            |       |     8 ||     8
 Stab: Sleeping          |    11 |     8 ||    19
       Distracted        |     1 |       ||     1
       Held in net/web   |       |     1 ||     1
Armor: Robe              |     6 |    10 ||    16
Dodge: Dodged            |    27 |    43 ||    70

Table legend: (Time is in decaauts)
 A = Elapsed time spent in this place.
 B = Non-inter-level travel time spent in this place.
 C = Inter-level travel time spent in this place.
 D = Time resting spent in this place.
 E = Time spent auto-exploring this place.
 F = Levels seen in this place.
 G = Mean time per level.
                   A        B        C        D        E       F      G
               +--------+--------+--------+--------+--------+-----+--------+
         Total |   3433 |   3388 |     45 |    447 |   2136 |   5 |  686.6 |
       Dungeon |   3433 |   3388 |     45 |    447 |   2136 |   5 |  686.6 |
               +--------+--------+--------+--------+--------+-----+--------+

Top non-repeatable levels by time:
     D:3: 1233 daAuts
     D:4: 879 daAuts
     D:1: 828 daAuts
     D:2: 369 daAuts
     D:5: 121 daAuts
